 Dungeon Crawl Stone Soup version 0.29.1-1-gd02db6906a (webtiles) character file.

Game seed: 83972860287903201

133 Aibolit the Trooper (level 5, 0/47 HPs)
             Began as a Hill Orc Fighter on Oct 8, 2022.
             Slain by a lemure (5 damage)
             ... led by Pikel
             ... on level 4 of the Dungeon.
             The game lasted 00:07:58 (3217 turns).

Aibolit the Trooper (Hill Orc Fighter)              Turns: 3217, Time: 00:07:59

Health: 0/47       AC:  7    Str: 18    XL:     5   Next: 16%
Magic:  5/5        EV:  9    Int:  8    God:
Gold:   136        SH:  5    Dex: 15    Spells: 4/4 levels left

rFire   . . .      SeeInvis .   n - +7 whip "Iduop" {venom, *Rage rElec Str-3 Dex+5}
rCold   . . .      Faith    .   c - +0 buckler
rNeg    . . .      Spirit   .   b - +0 scale mail
rPois   .          Reflect  .   (no helmet)
rElec   +          Harm     .   (no cloak)
rCorr   .          Rampage  .   (no gloves)
Will    .....      Rage     20% (no boots)
Stlth   ..........              (no amulet)
HPRegen 0.15/turn               (no ring)
MPRegen 0.09/turn               (no ring)

@: on berserk cooldown, slowed, very slow
A: no striking features
a: no special abilities


You were on level 4 of the Dungeon.
You visited 1 branch of the dungeon, and saw 4 of its levels.

You collected 136 gold pieces.

Inventory:

Hand Weapons
 n - the +7 whip "Iduop" (weapon) {venom, *Rage rElec Str-3 Dex+5}
   (You found it on level 2 of the Dungeon)

   It poisons the flesh of those it strikes.
   Str:       It affects your strength (-3).
   Dex:       It affects your dexterity (+5).
   rElec:     It insulates you from electricity.
   *Rage:     It berserks you when you make melee attacks (+20% chance).
Armour
 b - a +0 scale mail (worn)
 c - a +0 buckler (worn)
Scrolls
 e - a scroll of fear
 i - a scroll of silence
 j - a scroll of poison
 k - 2 scrolls of teleportation
 l - a scroll of blinking
 m - a scroll of vulnerability
Potions
 a - a potion of berserk rage {unknown}
 d - 2 potions of might
 f - a potion of curing {unknown}
 g - 2 potions of brilliance
 o - 3 potions of attraction
 p - a potion of magic {unknown}
 q - a potion of flight {unknown}
 r - 2 potions of lignification {unknown}


   Skills:
 + Level 4.6 Fighting
 - Level 3.6(3.8) Axes
 + Level 1.1(2.2) Maces & Flails
 + Level 4.2 Armour
 + Level 4.2 Shields


You had 4 spell levels left.
You didn't know any spells.
Your spell library contained the following spells:

 Spells                   Type           Power      Damage    Failure   Level
 Sublimation of Blood     Necr           0%         N/A       95%         2
 Portal Projectile        Hex/Tloc       0%         N/A       99%         3
 Tukima's Dance           Hex            0%         N/A       99%         3
 Petrify                  Tmut/Erth      0%         N/A       100%        4
 Blade Hands              Tmut           0%         N/A       100%        5
 Irradiate                Conj/Tmut      0%         3d11      100%        5


Dungeon Overview and Level Annotations

Branches:
Dungeon (4/15)
 Temple: D:4-7

Altars:
Yredelemnul

Shops:
D:2 =   D:3 (


Message History

A lemure comes into view.
You see here a +0 dagger.
The lemure hits you. The lemure barely misses you.
You see here a golden potion.
You whack the lemure!
The lemure is poisoned.
The lemure is moderately wounded.
The lemure barely misses you.
You hit the lemure but do no damage.
The lemure is moderately wounded.
The lemure hits you.
A lemure comes into view.
The lemure hits you.
The lemure shouts!
You whack the lemure!
The lemure is almost dead.
You hear a shout!
You kill the lemure!
That felt strangely unrewarding.
A lemure comes into view.
The lemure hits you! You block the lemure's attack.
You hit the lemure but do no damage.
The lemure is poisoned.
The lemure hits you but does no damage.
You closely miss the lemure.
The lemure is lightly wounded.
The lemure closely misses you. The lemure hits you.
You closely miss the lemure.
The lemure is lightly wounded.
The lemure hits you. The lemure hits you but does no damage.
The lemure hits you. The lemure closely misses you.
The lemure attacks as you move away! The lemure hits you!
The lemure attacks as you move away! The lemure closely misses you.
Found a brown potion.
The lemure attacks as you move away! You block the lemure's attack.
The lemure attacks as you move away! The lemure hits you. x2
* * * LOW HITPOINT WARNING * * *
The lemure hits you!
* * * LOW HITPOINT WARNING * * *
The lemure attacks as you move away! The lemure barely misses you.
The lemure attacks as you move away! The lemure hits you.
You die...

#.# ## ###.#
... ..?# ..
#..#
#.##..#######
#...!.......#
######..#####.#
... #55#
#.##@.#####.
#...........
#.#†<.#####. ..
##..# #. ##.# #
!## #


You could see 2 lemures.

Vanquished Creatures
  A lemure (D:4)
  Jessica (D:3)
  3 adders
  A dart slug (D:1)
  5 orcs (D:3)
  3 ball pythons
  7 bats
  5 endoplasms
  6 giant cockroaches
  6 goblins
  3 hobgoblins
  3 jackals (D:3)
  4 quokkas
  10 frilled lizards
  10 kobolds
  4 rats
72 creatures vanquished.

Vanquished Creatures (others)
  5 plants (D:1)
5 creatures vanquished.

Grand Total: 77 creatures vanquished

Notes
Turn   | Place    | Note
-------+----------+-------------------------------------------
     0 | D:1      | Aibolit the Hill Orc Fighter began the quest for the Orb.
     0 | D:1      | Reached XP level 1. HP: 19/19 MP: 1/1
    52 | D:1      | Reached XP level 2. HP: 20/27 MP: 2/2
   325 | D:1      | Reached XP level 3. HP: 31/33 MP: 3/3
  1210 | D:2      | Found Ruamnaor's Jewellery Emporium.
  1211 | D:2      | Found a faded altar of an unknown god.
  1292 | D:2      | Reached XP level 4. HP: 34/40 MP: 4/4
  1491 | D:2      | Identified the +7 whip "Iduop" {venom, *Rage rElec Str-3
                  | Dex+5}
  2195 | D:3      | Found Onunegui's Antique Weapon Shop.
  2236 | D:3      | Noticed Jessica
  2248 | D:3      | Killed Jessica
  2249 | D:3      | Reached skill level 1 in Maces & Flails
  2249 | D:3      | Reached XP level 5. HP: 10/47 MP: 5/5
  2708 | D:3      | Found a basalt altar of Yredelemnul.
  3203 | D:4      | Noticed a lemure
  3207 | D:4      | Noticed a lemure
  3208 | D:4      | Killed a lemure
  3209 | D:4      | Noticed a lemure
  3217 | D:4      | Slain by a lemure

Illustrated notes

Levels and vault maps discovered:
D:1:      lightli_arrival_isolated_outpost, layout_basic, st_stairs_14,
          lexackson_kobold_supper
D:2:      layout_loops_ring, serial_shops, nicolae_diamond_shop,
          basic_ecumenical_altar, chequers_hall_statues_corner_a
D:3:      layout_loops_ring, mainiacjoe_overflow_tiny_flanked, serial_shops,
          nicolae_shop_hallway_stairs, nrook_uturn, wad_floor_pattern_2,
          kennysheep_donut, uniq_jessica
D:4:      layout_loops_ring, uniq_pikel, uniq_crazy_yiuf_cottage

Skill      XL: |  1  2  3  4 |
---------------+-------------+-----
Axes           | 3 |  3.6
Fighting       | 4 |  4.6
Shields        | 4 |  4.2
Armour         | 4 |  4.2
Maces & Flails | 1 |  1.1

Action                   |  1- 3 |  4- 6 || total
-------------------------+-------+-------++-------
Melee: War axe           |    90 |    11 ||   101
       Whip              |       |    56 ||    56
  Use: Scroll            |       |     8 ||     8
Armor: Scale mail        |    48 |    24 ||    72
Dodge: Dodged            |    39 |    27 ||    66
Block: Buckler           |    25 |    14 ||    39
